 Dungeon Crawl Stone Soup version 0.27.1 (webtiles) character file.

Game seed: 3081471833666306667

201 ZARRMARR the Chiller (level 5, -4/36 HPs)
             Began as a Merfolk Ice Elementalist on Aug 28, 2021.
             Killed from afar by an orc wizard (5 damage)
             ... with a magic dart
             ... on level 3 of the Dungeon.
             The game lasted 00:10:35 (3798 turns).

ZARRMARR the Chiller (Merfolk Ice Elementalist)     Turns: 3798, Time: 00:10:35

Health: -4/36      AC:  2    Str:  9    XL:     5   Next: 79%
Magic:  10/10      EV: 13    Int: 15    God:
Gold:   45         SH:  0    Dex: 14    Spells: 10/11 levels left

rFire    . . .     SeeInvis .   c - +0 trident
rCold    . . .     Faith    .   (no shield)
rNeg     . . .     Spirit   .   a - +0 robe
rPois    .         Reflect  .   (no helmet)
rElec    .         Harm     .   (no cloak)
rCorr    .         Rampage  .   (no gloves)
Will     .....                  (no boots)
Stlth    +.........             (no amulet)
HPRegen  0.12/turn              (no ring)
MPRegen  0.12/turn              (no ring)

@: confused
A: (nimble swimmer 2), mertail
a: no special abilities


You were on level 3 of the Dungeon.
You visited 1 branch of the dungeon, and saw 3 of its levels.

You collected 45 gold pieces.

Inventory:

Hand Weapons
 c - a +0 trident (weapon)
Armour
 a - a +0 robe (worn)
Scrolls
 d - a scroll of torment {unknown}
 e - a scroll of immolation {unknown}
 f - a scroll of identify {unknown}


   Skills:
 + Level 0.3 Fighting
 + Level 1.7 Polearms
 + Level 3.2 Dodging
 - Level 2.1 Stealth
 + Level 3.6 Spellcasting
 + Level 6.1 Ice Magic


You had 10 spell levels left.
You knew the following spells:

 Your Spells              Type           Power      Damage    Failure   Level
a - Freeze                Ice            84%        1d10      1%          1

Your spell library contained the following spells:

 Spells                   Type           Power      Damage    Failure   Level
 Frozen Ramparts          Ice            42%        1d6       4%          3
 Ozocubu's Armour         Ice            21%        N/A       4%          3
 Hailstorm                Conj/Ice       11%        3d5       47%         4


Dungeon Overview and Level Annotations

Branches:
Dungeon (3/15)

Altars:

Shops:
D:2 [(   D:3 *


Innate Abilities, Weirdness & Mutations

((You are quick and stealthy near water. (Stealth+, EV+, Speed+++)))
Your lower body shifts to a powerful aquatic tail in water.


Message History

Things that are here:
a +0 club; a +0 leather armour An orc is nearby!
The orc shouts!
You hear a shout!
An orc wizard comes into view. It is wielding a +0 dagger.
The orc wizard shouts!
The orc wizard gestures wildly while chanting.
The orc wizard flickers and vanishes!
Deactivating autopickup; reactivate with Ctrl-A.
You are confused.
You are more confused.
You bump into the rock wall.
You bump into the rock wall.
You're too confused to move!
Something hits you. Something hits you.
The orc wizard casts a spell.
The orc wizard flickers and vanishes!
You bump into the rock wall.
Something hits you. x2
The orc hits you with a +0 flail.
You're too confused to move!
You hear some strange, mumbled words.
You are more confused.
Something hits you. The orc hits you with a +0 flail!
You bump into the rock wall.
You hear some strange, mumbled words.
You are more confused.
You bump into the rock wall.
You hear some strange, mumbled words.
A puff of flame appears from out of thin air!
The puff of flame hits you!
* * * LOW HITPOINT WARNING * * *
You bump into the rock wall.
Something hits you.
* * * LOW HITPOINT WARNING * * *
You hear some strange, mumbled words.
A puff of flame appears from out of thin air!
The puff of flame misses you.
A magic dart appears from out of thin air!
The magic dart hits you.
You die...

#.........##
#...#.##)..####
#...........#
#.....##.o.##.#
#..... ##.###)#
......# #{# #<#
...... #.#
#.###### ......
#.###.##...#
.....
#@....†....#
.....
#####.##...#
###.###.####
...........#
#######.##.#
###.##.#
#......#
#<#.#..#
..........#..#


You could see an orc.

Vanquished Creatures
  An orc priest (D:3)
  Natasha (thrice) (D:2)
  3 gnolls (D:2)
  An adder (D:2)
  2 dart slugs
  2 orcs (D:3)
  7 endoplasms
  2 giant cockroaches (D:1)
  5 goblins (D:1)
  2 hobgoblins
  4 kobolds
  2 quokkas
  7 ball pythons
  6 bats
  5 frilled lizards
  3 rats
55 creatures vanquished.

Vanquished Creatures (others)
  2 plants (D:2)
2 creatures vanquished.

Grand Total: 57 creatures vanquished

Notes
Turn   | Place    | Note
-------+----------+-------------------------------------------
     0 | D:1      | ZARRMARR the Merfolk Ice Elementalist began the quest for
                  | the Orb.
     0 | D:1      | Reached XP level 1. HP: 13/13 MP: 3/3
   117 | D:1      | Reached XP level 2. HP: 8/19 MP: 0/5
   508 | D:1      | Reached skill level 5 in Ice Magic
   723 | D:1      | Reached XP level 3. HP: 24/24 MP: 4/6
  1138 | D:1      | Found a faded altar of an unknown god.
  1413 | D:2      | Noticed Natasha
  1418 | D:2      | Killed Natasha
  1419 | D:2      | Reached XP level 4. HP: 10/30 MP: 2/8
  1563 | D:2      | Noticed Natasha
  1571 | D:2      | Killed Natasha
  1572 | D:2      | Reached skill level 1 in Polearms
  1830 | D:2      | Found Jatebis's Weapon Emporium.
  2002 | D:2      | Found Umahatza's Antique Armour Emporium.
  2178 | D:2      | Noticed Natasha
  2187 | D:2      | Killed Natasha
  2188 | D:2      | Reached XP level 5. HP: 16/35 MP: 5/9
  2556 | D:3      | Found Etych's Assorted Antiques.
  3713 | D:3      | Reached skill level 6 in Ice Magic
  3795 | D:3      | HP: 1/36 [something (3)]
  3798 | D:3      | Killed from afar by an orc wizard

Illustrated notes

Levels and vault maps discovered:
D:1:      wander_arrival_peaceful_grave, layout_basic,
          shapermc_ecumenical_altar_venn
D:2:      layout_loops_ring, serial_shops, nicolae_shop_stone,
          nicolae_shop_overgrown_old_shop, uniq_natasha
D:3:      layout_loops_ring, serial_shops, shop, uniq_terence

Skill      XL: |  1  2  3  4  5 |
---------------+----------------+-----
Ice Magic      | 5 6 |  6.1
Dodging        | 3 |  3.2
Polearms       | 1 |  1.7
Spellcasting   | 3 |  3.6
Fighting       | |  0.3
Stealth        | |  2.1

Action                   |  1- 3 |  4- 6 || total
-------------------------+-------+-------++-------
Melee: Unarmed           |    23 |       ||    23
       Spear             |    26 |    25 ||    51
       Trident           |       |     4 ||     4
 Cast: Freeze            |    41 |    33 ||    74
  Use: Potion            |       |     2 ||     2
 Stab: Sleeping          |     7 |     2 ||     9
Armor: Robe              |     8 |       ||     8
Dodge: Dodged            |    36 |    22 ||    58
